[Event "*** SCC Grand Prix: Titled Tuesday Blitz"]
[Site "Chess.com"]
[Date "2020.06.09"]
[Round "1"]
[White "harlem4brew"]
[Black "2L8IWUN"]
[Result "1-0"]
[WhiteElo "2203"]
[BlackElo "2538"]
[TimeControl "180+1"]
[EndTime "9:08:37 PDT"]
[Termination "harlem4brew won by resignation"]

1. e4 c5 2. Nf3 d6 3. d4 cxd4 4. Nxd4 Nf6 5. Nc3 Nc6 6. Bg5 e6 7. Be2 a6 8. Nxc6 bxc6 9. e5 dxe5 10. Qxd8+ Kxd8 11.
O-O-O+ Kc7 12. Rhe1 h6 13. Bh4 Bd6 14. Bg3 Rd8 15. Bf3 Nd5 16. Bxe5 Bxe5 17. Rxe5 Bb7 18.
Na4 Nf6 19. Rde1 Rd4 20. Nc5 Rad8 21. c3 Rd2 22. R5e2 Rxe2 23. Rxe2 Bc8 24. a4 Kb6 25. Nb3 a5 26. h3 Nd5 27. Rd2 Ba6 28. Nd4 Rb8 29.
Kc2 Kc7 30. Nb3 Kb6 31. Rd4 Rd8 32. Rd2 f5 33. Nd4 Rd6 34. Be2 c5 35. Nb5 Bxb5 36.
Bxb5 Kc7 37. Bc4 Nb6 38. Rxd6 Kxd6 39. Bb5 Kd5 40. Kd3 c4+ 41. Ke3 e5 42. f4 g5 43.
g3 exf4+ 44. gxf4 Nc8 45. Bd7 Nd6 46. Kf3 Nb7 47. Bxf5 Nc5 48. Bc2 Ke6 49. f5+ Ke5 50. Ke3 h5 51. f6 Kxf6 52. Kd4 Ne6+ 53. Kxc4 g4 54. hxg4 hxg4 55. Be4 Ke5 56. Bh1 Kd6 57. Kb5 Nc5 58. Kxa5 Nd3 59. b4 Kc7 60. b5 Nc5 61.
c4 Kb8 62. Kb6 Nd7+ 63. Kc6 Ne5+ 64. Kd5 Nd3 65. c5 g3 66. a5 Nb4+ 67. Kd6 Nd3 68.
c6 Nf2 69. b6 Nxh1 70. c7+ Kb7 71. Kd7 Ka6 72. c8=Q+ 1-0

[Event "*** SCC Grand Prix: Titled Tuesday Blitz"]
[Site "Chess.com"]
[Date "2020.06.09"]
[Round "1"]
[White "Oglob71"]
[Black "MisiekZielony"]
[Result "1-0"]
[WhiteElo "2521"]
[BlackElo "2114"]
[TimeControl "180+1"]
[EndTime "9:08:39 PDT"]
[Termination "Oglob71 won on time"]

1. d4 d5 2. Nf3 Nf6 3. c4 c6 4.
e3 g6 5. Nc3 Bg7 6. Bd2 O-O 7.
Qb3 b6 8. Be2 Ba6 9. O-O Ne4 10.
Rfd1 Nxd2 11. Rxd2 e6 12. Rc1 Bb7 13. a3 Nd7 14.
cxd5 exd5 15. Qc2 Re8 16. b4 Qe7 17. Bf1 b5 18. a4 a6 19. Rb1 Nb6 20. Re2 f5 21. g3 Nc4 22. Qb3 Bf8 23. Ne1 Qf6 24. Nd3 Bd6 25. Nc5 Bxc5 26. bxc5 g5 27. Rbe1 Re7 28.
Na2 Rae8 29. Nb4 f4 30. exf4 Rxe2 31. Rxe2 Rxe2 32. Bxe2 gxf4 33. Qf3 Qxd4 34. Qg4+ Qg7 35. Qxf4 Qe5 36. Qg4+ Kf8 37. axb5 axb5 38. Nd3 Qf6 39.
Nf4 b4 40. Qd7 Qe7 41. Ne6+ Kf7 42. Nd8+ Kf6 43. Qxe7+ Kxe7 44. Nxb7 b3 45. Bd3 h6 46. Kf1 Na3 47. Na5 b2 48. Nxc6+ Ke6 49. Nb4 b1=Q+ 50. Bxb1 Nxb1 51. Ke2 Nc3+ 52. Kd3 Ne4 53. f3 Nxc5+ 54. Ke3 Kd6 55. Nd3 Ne6 56. f4 Ke7 57. g4 Kf6 58.
h3 Ke7 59. Ne5 Kf6 60. Nf3 Ke7 61. Nd4 Nc5 62. Nf5+ Kf6 63. Nxh6 1-0

[Event "*** SCC Grand Prix: Titled Tuesday Blitz"]
[Site "Chess.com"]
[Date "2020.06.09"]
[Round "1"]
[White "ketster"]
[Black "Nyzhnyk_Illia"]
[Result "1/2-1/2"]
[WhiteElo "2450"]
[BlackElo "2863"]
[TimeControl "180+1"]
[EndTime "9:08:55 PDT"]
[Termination "Game drawn by agreement"]

1. d4 Nf6 2. c4 g6 3. Nc3 Bg7 4. e4 O-O 5. Nf3 d6 6. h3 e5 7.
d5 a5 8. Be3 Na6 9. g4 Nd7 10.
a3 Ndc5 11. b4 Nd7 12. Rb1 axb4 13. axb4 f5 14. gxf5 gxf5 15. Ng5 Nf6 16. Rg1 f4 17. Bd2 Kh8 18. h4 Qe8 19. Bh3 Bxh3 20. Nxh3 h6 21. Rg2 Rg8 22. Ng1 Bf8 23. Rxg8+ Nxg8 24. Qg4 Be7 25. Nf3 Nf6 26. Qg2 Qh5 27. Ke2 Rg8 28.
Qh3 Ng4 29. Nb5 Kh7 30. Rg1 Bd8 31. Rg2 Rg6 32. Na3 c6 33. Nc2 Bb6 34. Nce1 cxd5 35. cxd5 Nc7 36. Nd3 Nb5 37. Ke1 Nd4 38. Nxd4 Bxd4 39.
f3 Nf6 40. Rxg6 Qxg6 41. Qh1 Qg3+ 42. Ke2 Nh5 43. Be1 Qg7 44. Qh3 Ng3+ 45. Kd1 Qc7 46. Qe6 Kg7 47. h5 Qf7 48. Qg4+ Kh7 49. Bxg3 fxg3 50. Qxg3 Qxh5 51. Qg4 Qxg4 52. fxg4 Kg6 53. Ke2 Kg5 54. Kf3 b5 55. Nc1 Bc3 56. Na2 Bd2 57. Kg3 Bf4+ 58. Kf3 Bd2 59. Kg3 Kf6 60. Kh4 Be1+ 61. Kh5 Kf7 62. g5 hxg5 63. Kxg5 Bd2+ 64. Kf5 Ke7 65. Kg6 Be3 66. Kg7 Bd4 67. Kg6 Kd7 68. Kg7 Bb2 69. Kg6 Ke7 70. Kg7 Ba3 71. Kg6 Kd7 72. Kg7 Kc7 73. Kf7 Bb2 74. Ke7 Bd4 75.
Ke6 Bb2 76. Ke7 1/2-1/2

[Event "*** SCC Grand Prix: Titled Tuesday Blitz"]
[Site "Chess.com"]
[Date "2020.06.09"]
[Round "1"]
[White "OhanyanEminChess"]
[Black "Sam_ChessMood"]
[Result "0-1"]
[WhiteElo "2430"]
[BlackElo "2824"]
[TimeControl "180+1"]
[EndTime "9:08:57 PDT"]
[Termination "Sam_ChessMood won by resignation"]

1. e4 c6 2. d4 d5 3. Nc3 dxe4 4. Nxe4 Bf5 5. Ng3 Bg6 6. h4 h6 7. Nf3 e6 8. Ne5 Bh7 9. Bd3 Bxd3 10. Qxd3 Nd7 11. f4 Be7 12. Bd2 Nxe5 13. fxe5 Bxh4 14.
O-O-O Bxg3 15. Qxg3 Ne7 16. Qxg7 Rg8 17. Qxh6 Qd5 18.
Kb1 O-O-O 19. Bg5 Nf5 20. Qh5 Rd7 21. Bc1 Rxg2 22. Qh3 Qe4 23. Qd3 Qxd3 24. Rxd3 Rxd4 25. Rdh3 Kc7 26. Rh7 Rd7 27. Rf1 b5 28. a3 Re2 29.
b3 a5 30. Bb2 Kb6 31. Rc1 c5 32. Rh8 b4 33. a4 c4 34. bxc4 Rc7 35. Rb8+ Rb7 36.
Rc8 Rc7 37. Rb8+ Kc5 38. Rb5+ Kxc4 39. Rxa5 Ne3 40. Ra8 Nd5 41. a5 Kb5 42. a6 Kb6 43. a7 Nc3+ 44. Bxc3 bxc3 45. Rb8+ Kxa7 46.
Rb3 Rxe5 47. Rd1 Ra5 48. Rd3 Ra6 49. Rdxc3 Rxc3 50. Rxc3 Rb6+ 51. Kc1 Kb7 52. Kd2 f5 53. Ke3 Rc6 54. Rb3+ Kc7 55. Kf3 Rxc2 56. Rd3 Rc4 57. Rd2 Kc6 58. Rd1 Kc5 59. Rd8 Rd4 60. Ra8 Kd5 61.
Ra5+ Kd6 62. Ra7 Ke5 63. Ra5+ Rd5 64. Ra8 Rd3+ 65. Ke2 Rb3 66. Ra4 Kf6 67. Ra6 f4 68. Ra8 Kf5 69. Ra4 e5 70. Kf2 e4 71. Rc4 Rb2+ 72. Ke1 f3 73. Rc2 Rxc2 0-1

[Event "*** SCC Grand Prix: Titled Tuesday Blitz"]
[Site "Chess.com"]
[Date "2020.06.09"]
[Round "1"]
[White "AshotParvanyan"]
[Black "Andreikka"]
[Result "0-1"]
[WhiteElo "2447"]
[BlackElo "2904"]
[TimeControl "180+1"]
[EndTime "9:09:00 PDT"]
[Termination "Andreikka won on time"]

1. Nf3 d5 2. d4 Nf6 3. c4 e6 4. g3 Be7 5. Bg2 O-O 6. O-O dxc4 7. Qc2 a6 8. a4 Bd7 9. Qxc4 Bc6 10. Bg5 Nbd7 11.
Nc3 h6 12. Bxf6 Nxf6 13. b4 Bd5 14. Nxd5 exd5 15. Qb3 Bd6 16. b5 axb5 17. axb5 c6 18. bxc6 bxc6 19. Qb7 Qc8 20. Qxc8 Rfxc8 21. e3 g6 22.
Rfc1 Rxa1 23. Rxa1 Kg7 24. Rc1 Rc7 25. Nd2 c5 26.
dxc5 Rxc5 27. Rxc5 Bxc5 28. Nb3 Bb6 29. Bf3 Kf8 30.
Kf1 h5 31. Ke2 Ke7 32. Kd3 Kd6 33. Nd4 Nd7 34. Bg2 Ne5+ 35. Ke2 Bxd4 36. exd4 Ng4 37. h3 Nh6 38. Kd3 h4 39. gxh4 Nf5 40. Bf3 Nxh4 41. Bh1 g5 42. Ke3 Nf5+ 43. Kd3 Nh4 44. Ke3 f6 45. f4 Nf5+ 46. Kd3 gxf4 47. Bf3 Nh4 48. Bg4 f5 49. Bd1 Ke7 50. Bb3 Ke6 51. Ke2 f3+ 52. Kf2 f4 53. Ba2 Kd6 54. Bb3 Nf5 55. Ba2 Nxd4 56.
Bb1 Ke5 57. h4 Nf5 58. Kxf3 Nxh4+ 59. Kg4 Ng2 60. Kf3 Ne3 61. Bd3 Nc4 62. Bh7 Nd6 63.
Bg8 Ne4 64. Bxd5 Nd2+ 65. Kg4 Nf1 66. Bf3 Ne3+ 67. Kg5 Nf5 68. Bh5 Nd4 69. Bg4 Ke4 70. Bh5 Ke3 71. Bg4 Nf3+ 72. Kf5 Nh2 73. Bh5 Nf1 74.
Ke5 Ng3 75. Bg4 Nh1 76. Kd5 Nf2 77. Bh5 Nh3 78. Ke5 Ng5 79. Bg4 Ne4 80. Kf5 Nf2 81. Bh5 Nh1 82. Kg4 Ng3 83. Be8 Ne4 84. Bc6 f3 85. Bb5 Nc3 86. Bf1 Kf2 87. Bc4 Nd1 88.
Bd5 Ne3+ 0-1

[Event "*** SCC Grand Prix: Titled Tuesday Blitz"]
[Site "Chess.com"]
[Date "2020.06.09"]
[Round "1"]
[White "aNaartjieZA"]
[Black "AGW2016"]
[Result "1-0"]
[WhiteElo "2582"]
[BlackElo "2239"]
[TimeControl "180+1"]
[EndTime "9:09:00 PDT"]
[Termination "aNaartjieZA won by checkmate"]

1. e4 c5 2. Nf3 d6 3. g3 g6 4. Bg2 Bg7 5. O-O Nc6 6. c3 Nf6 7. Re1 O-O 8. h3 e5 9. d3 a6 10. a3 b5 11. b4 h6 12. Nbd2 a5 13. c4 axb4 14. cxb5 Ne7 15. Nc4 Be6 16. Bb2 bxa3 17. Rxa3 Rxa3 18. Bxa3 Nc8 19. Qc2 Nb6 20. Na5 Qd7 21.
Nc6 Ra8 22. Ra1 Ne8 23. Bb2 Rxa1+ 24. Bxa1 Nc7 25. Qb1 c4 26. d4 Bxh3 27. dxe5 Bxg2 28. Kxg2 dxe5 29. Bxe5 c3 30. Qb3 Qe6 31. Qxc3 Nxb5 32.
Qc5 Bxe5 33. Nfxe5 Nd6 34. Qxb6 Nxe4 35. Qd8+ Kg7 36.
Qd4 Nf6 37. Nb4 Qf5 38. Nbd3 Qe4+ 39. Qxe4 Nxe4 40. Kf3 Nd6 41. Nc5 Nf5 42. Ke4 Nd6+ 43. Kd5 Nf5 44. Ncd3 h5 45. Ke4 Nd6+ 46. Kf4 Nf5 47. Nf3 f6 48. Ke4 Nd6+ 49. Kd5 Nf5 50. Ke6 Nh6 51. Nf4 Ng4 52. Nd3 Nh6 53. Nd2 Ng4 54. Ne4 f5 55. Ng5 Nf6 56. Ke5 Ng4+ 57. Kf4 Nf6 58. Ne5 Nd5+ 59. Kf3 Nf6 60. Ne6+ Kh6 61. Nf7+ Kh7 62. Kf4 Ne4 63. f3 Nd2 64. Nfg5+ Kh6 65. Nf7+ Kh7 66. Ne5 Nf1 67. Nf8+ Kh6 68.
Nfxg6 Nd2 69. Nh4 Nb3 70. Nxf5+ Kh7 71. Kg5 Nd2 72. Kxh5 Kg8 73. f4 Kh7 74. g4 Ne4 75.
g5 Kg8 76. Nh6+ Kg7 77. f5 Ng3+ 78. Kg4 Ne4 79. Nhf7 Nc5 80. f6+ Kg8 81. Kf5 Nb7 82. g6 Na5 83. Nh6+ Kh8 84. g7+ Kh7 85. g8=Q+ Kxh6 86. Qg6# 1-0

[Event "*** SCC Grand Prix: Titled Tuesday Blitz"]
[Site "Chess.com"]
[Date "2020.06.09"]
[Round "1"]
[White "NidjatMamedov"]
[Black "Rakesh"]
[Result "1-0"]
[WhiteElo "2677"]
[BlackElo "2353"]
[TimeControl "180+1"]
[EndTime "9:09:11 PDT"]
[Termination "NidjatMamedov won by resignation"]

1. e4 c5 2. Nf3 e6 3. d4 cxd4 4.
Nxd4 a6 5. Bd3 Nc6 6. Nxc6 dxc6 7. O-O e5 8. a4 Nf6 9. Nd2 Bc5 10. Nc4 Qc7 11. a5 O-O 12. Bg5 Ne8 13. Qf3 Be6 14. Rfd1 f6 15. Be3 Bxe3 16. Qxe3 Nd6 17. Nxd6 Qxd6 18. Bc4 Qe7 19. Bxe6+ Qxe6 20. Qb6 Qe7 21.
Rd3 Rfd8 22. Rad1 Rxd3 23. Rxd3 h5 24. h4 Rc8 25. c4 Rc7 26. c5 Rd7 27. Rd6 Rxd6 28.
cxd6 Qxd6 29. Qxb7 Qd1+ 30. Kh2 Qd2 31. Qc8+ Kh7 32.
Qf5+ Kh6 33. f3 Qxb2 34. Qc8 Qf2 35. Kh3 Qc5 36. Qxa6 Qc1 37. Qe2 g5 38. hxg5+ Kxg5 39. Kh2 Qf4+ 40. g3 Qc1 41. a6 Qa1 42. Qd2+ Kg6 43.
a7 Qxa7 44. Qd8 Qf2+ 45. Kh3 Qf1+ 46. Kh2 Qe2+ 47. Kh3 Qf1+ 48. Kh2 Qc4 49. Qe8+ Kg7 50. Qd7+ Kh6 51. Qe8 c5 52. Qh8+ Kg6 53. Qe8+ Kg7 54. Qd7+ Kh6 55. Qc8 h4 56. Qh8+ Kg6 57. Qxh4 Qe2+ 58.
Kh3 Qf1+ 59. Kh2 Qxf3 60. Qh8 Qe2+ 61. Kg1 Qe3+ 62. Kh2 Qe2+ 63. Kg1 Qxe4 64. Qg8+ Kf5 65. Qh7+ 1-0

[Event "*** SCC Grand Prix: Titled Tuesday Blitz"]
[Site "Chess.com"]
[Date "2020.06.09"]
[Round "1"]
[White "Oligan22"]
[Black "obliviate12"]
[Result "0-1"]
[WhiteElo "2421"]
[BlackElo "2804"]
[TimeControl "180+1"]
[EndTime "9:09:14 PDT"]
[Termination "obliviate12 won by resignation"]

1. e4 c6 2. d4 d5 3. exd5 cxd5 4. Bd3 Nf6 5. c3 Qc7 6. Nf3 Bg4 7. h3 Bh5 8. O-O Nc6 9. Bg5 e6 10. Re1 Bd6 11. Nbd2 Bg6 12. Bxg6 hxg6 13. Qe2 O-O 14. Ne5 Rfe8 15. f4 Nd7 16. Bh4 Nf8 17. Qf3 Rab8 18. g4 f6 19. Nd3 b5 20. a3 Qf7 21. Bg3 a5 22. b4 Rbc8 23. Nc5 Nd7 24. Re2 Ra8 25.
Rae1 axb4 26. axb4 Bxc5 27. dxc5 Ra3 28. Nb1 Rb3 29. Nd2 Ra3 30. Nb1 Rb3 31. Qd3 Nxb4 32.
Qxb5 Rc8 33. cxb4 Rxg3+ 34. Kf2 Rb3 35. Rxe6 Kh7 36. Re7 Qg8 37. Qxd7 Rxb4 38. c6 Ra8 39. c7 Rxf4+ 40. Kg1 Rc4 41. Re8 Rxe8 42. Rxe8 Rxc7 43.
Rxg8 Rxd7 44. Ra8 Rc7 45. Nd2 Rc3 46. h4 Rg3+ 47. Kf2 Rxg4 48. Rd8 Rxh4 49. Rxd5 g5 50.
Nf3 Rf4 51. Kg3 Kg6 52. Nd4 Re4 53. Nf3 Re3 54. Kf2 Rc3 55. Rd6 g4 56. Nh4+ Kg5 57.
Ng2 Rc2+ 58. Kg3 Rc3+ 59. Kf2 f5 60. Rd5 g6 61. Ra5 Rc2+ 62. Kg3 Rc3+ 63. Kf2 g3+ 64. Kf1 Kg4 65. Ra4+ Kg5 66. Ra5 Rc2 67. Kg1 Rc1+ 68. Ne1 Rxe1+ 69. Kg2 Re3 70. Rb5 Kg4 71. Rb6 g5 72. Rb4+ f4 73. Rc4 Re2+ 0-1

[Event "*** SCC Grand Prix: Titled Tuesday Blitz"]
[Site "Chess.com"]
[Date "2020.06.09"]
[Round "1"]
[White "Igor_Lysyj"]
[Black "AradNazari"]
[Result "1-0"]
[WhiteElo "2764"]
[BlackElo "2407"]
[TimeControl "180+1"]
[EndTime "9:09:17 PDT"]
[Termination "Igor_Lysyj won by checkmate"]

1. d4 e6 2. c4 d5 3. Nf3 Nf6 4. g3 Be7 5. Bg2 O-O 6. O-O dxc4 7. Ne5 Nc6 8. Bxc6 bxc6 9. Nxc6 Qe8 10. Nxe7+ Qxe7 11. Nc3 c5 12. dxc5 Qxc5 13. Be3 Qc6 14. Qa4 Bb7 15.
Qxc6 Bxc6 16. Rfd1 Nd5 17. Rd4 Nxc3 18. bxc3 Bd5 19.
Rad1 a5 20. Bc1 f5 21. Bf4 Rf7 22. f3 Rc8 23. Be5 h6 24. Rb1 a4 25. a3 Kh7 26.
Rb4 Ra7 27. e4 fxe4 28. fxe4 Ba8 29. Rbxc4 Rxc4 30. Rxc4 Ra5 31. Bd6 e5 32. Kf2 Ra6 33. Bxe5 Re6 34. Rc5 Bxe4 35. Ke3 Rc6 36. Ra5 Bc2 37.
Kd4 Bb3 38. h4 Rc4+ 39. Kd3 Rg4 40. Ra7 Bc4+ 41. Ke3 Bb3 42. Bf4 Rg6 43. Rc7 Re6+ 44. Kd4 Kg6 45. Be5 Kf5 46. Rf7+ Kg4 47. Rxg7+ Kh3 48. Ra7 Rc6 49. Ra5 Rc4+ 50. Kd3 Rg4 51. Bf4 Rg6 52. c4 Rc6 53. c5 h5 54. Kd4 Kg4 55.
Rb5 Kf5 56. Rb6 Rc8 57. Rh6 Kg4 58. Rg6+ Kh3 59. c6 Bc2 60. Rh6 Kg4 61. c7 Bf5 62.
Rb6 Re8 63. Rb8 Bc8 64. Kc5 Rg8 65. Kb6 Re8 66. Rxc8 Rxc8 67. Kb7 Re8 68. c8=Q+ Rxc8 69. Kxc8 Kf5 70. Kc7 Ke4 71. Kb6 Kd3 72. Kb5 Kc2 73. Kxa4 Kc3 74. Kb5 Kd4 75. a4 Kd5 76. a5 Ke6 77. a6 Kf5 78. a7 Kg4 79. a8=Q Kh3 80. Qf3 Kh2 81. g4+ Kg1 82. Qg3+ Kh1 83. Qf3+ Kg1 84. Qe2 hxg4 85. Bg3 Kh1 86. Qh2# 1-0

[Event "*** SCC Grand Prix: Titled Tuesday Blitz"]
[Site "Chess.com"]
[Date "2020.06.09"]
[Round "1"]
[White "amiralfio"]
[Black "theblitzchamp"]
[Result "1/2-1/2"]
[WhiteElo "2379"]
[BlackElo "2699"]
[TimeControl "180+1"]
[EndTime "9:09:17 PDT"]
[Termination "Game drawn - insufficient material"]

1. Nf3 Nf6 2. c4 g6 3. Nc3 Bg7 4. d4 O-O 5. e4 d6 6. h3 e5 7. d5 a5 8. g4 Na6 9. Be3 c6 10. Nd2 Nd7 11. h4 Ndc5 12. a3 a4 13. h5 Bd7 14. Qf3 Qc8 15. Be2 f5 16. hxg6 fxg4 17. Qg3 hxg6 18. Qh4 Qd8 19. Bxg4 Qxh4 20. Rxh4 Rad8 21.
Bxd7 Rxd7 22. Ke2 Kf7 23. Rg4 Bf6 24. Rag1 Rg8 25. Nf3 Rg7 26. Nh4 Bxh4 27. Rxh4 Rd8 28. Rgh1 Rdg8 29. Rh7 Kf6 30. R7h3 Kf7 31. Rg3 Nd7 32.
Bg5 Nf6 33. Bxf6 Kxf6 34. dxc6 bxc6 35. Rd1 Ke6 36. Rgd3 Nc5 37. Rxd6+ Ke7 38. Rxc6 Nb3 39. Rc7+ Kf6 40. Rxg7 Rxg7 41. Nxa4 Rb7 42. Nc3 Nd4+ 43. Ke3 Rxb2 44. f4 Rb3 45. fxe5+ Kxe5 46. Rxd4 Rxc3+ 47. Rd3 Rxc4 48. Rd5+ Ke6 49. Ra5 Rc1 50. Ra6+ Ke5 51.
Rxg6 Rc3+ 52. Kd2 Rxa3 53. Rg4 Kd4 54. Ke2 Ra2+ 55. Kf3 Ra1 56. Kf4 Rf1+ 57. Kg5 Ke5 58. Kh4 Rf8 59. Kg3 Ra8 60. Kg2 Ra2+ 61. Kg3 Ra7 62. Kh4 Rf7 63. Kg3 Rh7 64. Rh4 Ra7 65. Rh5+ Kxe4 66. Rh4+ Ke3 67. Rf4 Ra1 68. Rf3+ Ke4 69.
Rf4+ Ke5 70. Rb4 Ra3+ 71. Kg4 Rc3 72. Rb5+ Ke4 73. Rb4+ Ke3 74. Rb8 Rc4+ 75. Kg3 Rc5 76. Re8+ Kd4 77. Rd8+ Ke5 78. Re8+ Kf6 79. Rf8+ Ke7 80.
Rf3 Rg5+ 81. Kf2 Re5 82. Re3 Rxe3 83. Kxe3 1/2-1/2

[Event "*** SCC Grand Prix: Titled Tuesday Blitz"]
[Site "Chess.com"]
[Date "2020.06.09"]
[Round "1"]
[White "LuckSlayeer"]
[Black "rasmussvane"]
[Result "1-0"]
[WhiteElo "2459"]
[BlackElo "2885"]
[TimeControl "180+1"]
[EndTime "9:09:18 PDT"]
[Termination "LuckSlayeer won by resignation"]

1. Nf3 d5 2. g3 g6 3. Bg2 Bg7 4. d4 Nd7 5. O-O Ngf6 6. c3 O-O 7. Re1 c5 8. Bf4 b6 9. Ne5 Bb7 10. Nxd7 Qxd7 11. Nd2 Rac8 12. Be5 Rfd8 13. Nf3 Bh6 14.
Bxf6 exf6 15. e3 Bg7 16. Nd2 h5 17. h4 f5 18. Nf3 Bf6 19. Qd3 Kg7 20. Rad1 c4 21.
Qc2 Qd6 22. Nh2 b5 23. a3 a5 24. Nf3 b4 25. axb4 axb4 26. Ra1 Ra8 27. Nd2 b3 28. Qb1 Qb6 29. Qd1 Re8 30. Qf3 Ra2 31. Rab1 Qc7 32. Qe2 Bc6 33. Qf1 Re6 34. Bf3 Qe7 35. Qg2 Qd6 36.
Qh1 Bd8 37. Nxc4 dxc4 38. d5 Re5 39. dxc6 Bb6 40. Red1 Qc5 41. Rd5 Rxd5 42. Bxd5 Qd6 43. Qf3 Qc5 44. Qg2 Bc7 45. Qf3 Be5 46. Kg2 Bf6 47.
Kg1 Ra4 48. Qg2 Qa7 49. Bf3 Be5 50. Qf1 Qc5 51. Qd1 Ra5 52. Kg2 Ra7 53. Qd5 Ra5 54. Qxc5 Rxc5 55. Rd1 Kf6 56. Rd5 Rxd5 57. Bxd5 Ke7 58.
Bxc4 f6 59. Bxb3 Kd6 60. Ba4 g5 61. hxg5 fxg5 62. f4 Bf6 63. fxg5 Bxg5 64. Kf3 Kc7 65. b4 Be7 66. b5 Bd6 67. Bb3 Be5 68. Bc4 Bxc3 69.
Kf4 Be1 70. Be6 Kb6 71. Bxf5 Bb4 72. Bd3 Bd6+ 73. Kf3 Kc5 74. e4 Bc7 75. Be2 Kd4 76. Bf1 Ke5 77. Bh3 Bb6 78. Bd7 Bd8 79. Be8 Kd6 80. Bxh5 Kc5 81. Be8 Bc7 82. Bd7 Kd6 83. g4 Bb6 84. g5 Ke7 85. Kf4 Bc7+ 86. Kf5 Kd6 87. g6 Kc5 88. g7 Be5 89. g8=Q Bg7 1-0

[Event "*** SCC Grand Prix: Titled Tuesday Blitz"]
[Site "Chess.com"]
[Date "2020.06.09"]
[Round "1"]
[White "Jumbo"]
[Black "MuradNuri"]
[Result "0-1"]
[WhiteElo "2824"]
[BlackElo "2453"]
[TimeControl "180+1"]
[EndTime "9:09:24 PDT"]
[Termination "MuradNuri won by resignation"]

1. d4 Nf6 2. c4 e6 3. Nf3 a6 4. Nc3 d5 5. cxd5 exd5 6. Bg5 Be6 7. e3 Nbd7 8. h3 Bd6 9. Bd3 h6 10. Bf4 Qe7 11. Qc2 O-O 12. O-O Rfe8 13. Rab1 c6 14.
Rfe1 Nh5 15. Be5 Nhf6 16. Bxd6 Qxd6 17. b4 Rac8 18. a4 b5 19. a5 Rc7 20. Rec1 Nf8 21.
Ne2 Bc8 22. Qc5 Qxc5 23. Rxc5 Ne6 24. Rc2 Ng5 25. Ne5 Bb7 26. Rbc1 Re6 27. Nf4 Rd6 28.
f3 Nd7 29. Bf1 Ne6 30. Nfd3 f6 31. Nxd7 Rdxd7 32. h4 h5 33. g3 Re7 34. Bh3 Kf8 35. Kf2 Bc8 36. Bxe6 Rxe6 37. Nf4 Rd6 38. Nxh5 Bf5 39.
Rc3 g5 40. g4 Bg6 41. hxg5 fxg5 42. Ng3 Kg7 43. Kg2 Kf6 44. Kf2 Re6 45. Kg2 Be8 46. Nf1 Rh7 47. Nd2 Ke7 48. Rc4 dxc4 49. Rc3 Reh6 50.
Nf1 Bg6 51. e4 Bf7 52. Re3 Rh1 53. Re1 Be6 54. Re3 R1h6 55. Re1 Kd6 56. Re3 Rf7 57. Rc3 Rhf6 58. Ng3 Rf4 59. Nh5 Bxg4 60. Nxf4 Rxf4 61.
fxg4 Rxe4 62. Kg3 Rxd4 63. Kf2 Rd3 64. Rc1 c5 65. bxc5+ Kxc5 66. Re1 Rd5 67. Re6 c3 68. Re8 Kb4 69. Rc8 Rc5 0-1

[Event "*** SCC Grand Prix: Titled Tuesday Blitz"]
[Site "Chess.com"]
[Date "2020.06.09"]
[Round "1"]
[White "SoltaniciR"]
[Black "earling8018"]
[Result "1/2-1/2"]
[WhiteElo "2497"]
[BlackElo "2059"]
[TimeControl "180+1"]
[EndTime "9:09:24 PDT"]
[Termination "Game drawn by stalemate"]

1. e4 e5 2. Nf3 Nc6 3. Bb5 a6 4. Ba4 Nf6 5. O-O Be7 6. Re1 b5 7. Bb3 d6 8. c3 O-O 9. h3 Nd7 10. d4 Na5 11. Bc2 c5 12. a4 Bb7 13. d5 Nf6 14. b3 Qc7 15. Nbd2 Rfb8 16. Bd3 bxa4 17. Rxa4 Bc8 18. Qc2 Bd7 19. Ra3 Bb5 20. c4 Bd7 21. Bb2 Nb7 22. Bc3 a5 23. Rea1 Bd8 24. Qa2 Qc8 25.
Kh2 Bb6 26. Rg1 Qc7 27. g4 Rf8 28. Nf1 g6 29. Ng3 Kh8 30. Bd2 Ng8 31. Be3 f6 32. Qd2 Nd8 33. Rg2 Nf7 34. Ra1 a4 35. bxa4 Rxa4 36.
Rxa4 Bxa4 37. Rg1 Ba5 38. Qa2 Bd7 39. Ra1 Bc3 40. Qa7 Rc8 41. Ne2 Bxa1 42. Qxa1 Qb7 43.
Ng3 Rb8 44. Kg2 Kg7 45. g5 fxg5 46. Nxg5 Nxg5 47. Bxg5 Qc8 48. h4 Bg4 49. Qa7+ Rb7 50. Qa5 Qf8 51. Be2 Bxe2 52. Nxe2 Nf6 53. Ng3 Ng4 54. f3 Rb2+ 55. Kg1 Qxf3 56. Qc7+ Qf7 57. Bd8 Qxc7 58. Bxc7 Rc2 59. Bxd6 Rxc4 60. Kg2 Nf6 61. Bxe5 Kf7 62. Kf3 h5 63. Nf1 Nxe4 64. Ne3 Ra4 65. Bf4 Nf6 66. d6 Rd4 67. Be5 Rd3 68. Ke2 Rxe3+ 69.
Kxe3 Ng4+ 70. Ke4 Nxe5 71. Kxe5 c4 72. Kd4 Ke6 73. Kxc4 Kxd6 74. Kd4 Ke6 75. Ke4 Kf6 76. Kf4 g5+ 77. hxg5+ Kg6 78. Kg3 Kxg5 79. Kh3 h4 80. Kh2 Kg4 81. Kg2 h3+ 82. Kh2 Kh4 83. Kh1 Kg3 84. Kg1 h2+ 85. Kh1 Kh3 1/2-1/2

[Event "*** SCC Grand Prix: Titled Tuesday Blitz"]
[Site "Chess.com"]
[Date "2020.06.09"]
[Round "1"]
[White "Meri-Arabidze"]
[Black "rakshi2005"]
[Result "1-0"]
[WhiteElo "2647"]
[BlackElo "2329"]
[TimeControl "180+1"]
[EndTime "9:09:40 PDT"]
[Termination "Meri-Arabidze won by checkmate"]

1. d4 Nf6 2. c4 g6 3. Nf3 Bg7 4.
g3 O-O 5. Bg2 d6 6. O-O c6 7. Nc3 Qa5 8. e4 e5 9. Re1 Nbd7 10.
Rb1 Re8 11. b4 Qc7 12. h3 exd4 13. Nxd4 Ne5 14. Bf1 Be6 15. Nxe6 Rxe6 16. f4 Ned7 17. Bg2 Rae8 18. Qd3 a6 19. Be3 Nb8 20. Bf2 Nfd7 21. Rbd1 a5 22. a3 axb4 23. axb4 Na6 24. Rb1 h6 25.
Kh2 Kh7 26. Red1 Nf8 27. Ne2 f5 28. Nc3 fxe4 29. Nxe4 Rd8 30. Nc3 Nd7 31. f5 Rf6 32.
fxg6+ Kh8 33. Bd4 Rff8 34. Bxg7+ Kxg7 35. Qxd6 Qxd6 36. Rxd6 Ne5 37. Rxd8 Rxd8 38. b5 cxb5 39. Rxb5 Nxc4 40. Rxb7+ Kxg6 41. Bd5 Ne3 42. Rb6+ Kg7 43. Rxa6 Nxd5 44. Ne4 Ne3 45. g4 Rd4 46. Ra7+ Kg6 47.
Ra6+ Kg7 48. Nd6 Rd2+ 49. Kg3 Nf1+ 50. Kh4 Ne3 51. Ra7+ Kg6 52. Ra6 Kg7 53. Ne4 Rd3 54. Ra7+ Kg6 55. Ra6+ Kg7 56. Ra2 Rd4 57. Ng3 Rb4 58.
Nh5+ Kg6 59. Ra6+ Kf7 60. Ra7+ Kg6 61. Ra6+ Kf7 62. Kg3 Nc4 63. Rxh6 Rb3+ 64. Kf4 Rxh3 65. Rh7+ Ke6 66. Rh8 Ke7 67. Rh7+ Kf8 68. Rh8+ Kf7 69. Kg5 Ra3 70. Rh7+ Kf8 71. Rc7 Ra5+ 72. Kg6 Ne5+ 73. Kf5 Nc4+ 74. Kf6 Ra6+ 75. Kg5 Ra5+ 76. Kh4 Ne3 77. Nf6 Ra4 78. Kg5 Ra5+ 79. Kg6 Ra8 80. Rf7# 1-0

[Event "*** SCC Grand Prix: Titled Tuesday Blitz"]
[Site "Chess.com"]
[Date "2020.06.09"]
[Round "1"]
[White "robertofabregas"]
[Black "IriBu"]
[Result "0-1"]
[WhiteElo "2104"]
[BlackElo "2516"]
[TimeControl "180+1"]
[EndTime "9:09:54 PDT"]
[Termination "IriBu won by checkmate"]

1. c4 e5 2. Nc3 Nf6 3. Nf3 Nc6 4.
g3 Bc5 5. Bg2 d6 6. O-O O-O 7. e3 Bg4 8. Qb3 Qd7 9. d3 Rab8 10. a3 Bh3 11. Nd2 Bxg2 12. Kxg2 Nh5 13. Nde4 Bb6 14. Nd5 Kh8 15. Nxb6 axb6 16. Qd1 g6 17. d4 f5 18. Ng5 Qe7 19. h4 h6 20.
Nh3 Kh7 21. d5 Nd8 22. b4 Nf7 23. Bb2 Nf6 24. f3 Rg8 25. Kh2 g5 26. Rg1 g4 27.
Nf2 h5 28. f4 Nd7 29. Re1 Rbe8 30. Qd2 Nf6 31. Re2 Qd7 32. Rae1 c6 33. Qc2 cxd5 34.
fxe5 Nxe5 35. cxd5 Nxd5 36. Bxe5 Rxe5 37. e4 Rc8 38. Qd3 Nf6 39. exf5 Rxe2 40. Rxe2 Rf8 41. Re6 d5 42. Qd4 Qg7 43. Nd3 Ne4 44. Qxg7+ Kxg7 45. Rg6+ Kf7 46. Nf4 d4 47. Rh6 Ke7 48. Rh7+ Rf7 49. Rxh5 Kd6 50. Rh6+ Ke5 51. Re6+ Kxf5 52.
Rxb6 Rd7 53. Rb5+ Kf6 54. Rd5 Rxd5 55. Nxd5+ Ke5 56. Nf4 Nf6 57. h5 Ke4 58. h6 d3 59.
Nxd3 Kxd3 60. Kg2 b5 61. Kf2 Nh7 62. a4 bxa4 63. b5 a3 64. b6 a2 65. b7 a1=Q 66. b8=Q Qd4+ 67. Kg2 Qe4+ 68. Kg1 Qe1+ 69. Kg2 Qe2+ 70.
Kg1 Qe3+ 71. Kg2 Qf3+ 72. Kh2 Qf2+ 73. Kh1 Qf1+ 74. Kh2 Qe2+ 75. Kh1 Kd2 76. Qd6+ Ke1 77. Qb4+ Kf1 78. Qb1+ Kf2 79. Qg1+ Kf3 80. Qh2 Qf1+ 81. Qg1 Qh3+ 82. Qh2 Qxh2+ 83. Kxh2 Kf2 84. Kh1 Kxg3 85.
Kg1 Kf3 86. Kh1 g3 87. Kg1 g2 88. Kh2 Kf2 89. Kh3 g1=Q 90. Kh4 Kf3 91. Kh5 Qg5# 0-1